 Dungeon Crawl Stone Soup version 0.30-a0-166-g5d06c95188 (webtiles) character file.

Game seed: 18333656282334926614

4034 qw the Cleaver (level 10, -6/63 HPs)
             Began as a Gargoyle Fighter on Sept 28, 2022.
             Was a Believer of Okawaru.
             Killed from afar by Erica (21 damage)
             ... with a lance of force
             ... on level 8 of the Dungeon.
             The game lasted 00:02:56 (7800 turns).

qw the Cleaver (Gargoyle Fighter)                   Turns: 7800, Time: 00:02:57

Health: -6/63      AC: 25    Str: 24    XL:     10   Next: 24%
Magic:  11/13      EV: 11    Int:  9    God:    Okawaru [**....]
Gold:   70         SH: 11    Dex:  9    Spells: 9/9 levels left

rFire   . . .      SeeInvis .    Y - +3 war axe
rCold   . . .      Faith    .    t - +0 kite shield
rNeg    + . .      Spirit   .    a - +4 ring mail of Optimism {Slay+6}
rPois   inf        Reflect  .    s - +0 helmet
rElec   +          Harm     .    u - +0 cloak
rCorr   .          Rampage  .    j - +2 pair of gloves
Will    .....                    r - +0 pair of boots
Stlth   ++........               (no amulet)
HPRegen 0.20/turn                (no ring)
MPRegen 0.13/turn                (no ring)

@: heroic
A: sickness immunity, AC +7, negative energy resistance 1, electricity
resistance, torment resistance 1, petrification resistance
a: Renounce Religion, Heroism


You were on level 8 of the Dungeon.
You worshipped Okawaru.
Okawaru was pleased with you.
You visited 2 branches of the dungeon, and saw 9 of its levels.

You collected 389 gold pieces.
You spent 319 gold pieces at shops.


Innate Abilities, Weirdness & Mutations

You are immune to sickness and miasma.
Your stone body is resilient. (AC +7)
You are immune to poison.
You resist negative energy. (rN+)
You are resistant to electric shocks. (rElec)
You are resistant to unholy torment.
You are immune to petrification.


   Skills:
 - Level 7.2(12.2) Fighting
 - Level 9.4(14.4) Axes
 - Level 2.4(7.4) Throwing
 + Level 3.5(8.5) Armour
 - Level 1.2(6.2) Dodging
 - Level 8.1(13.1) Shields
 - Level 4.0 Invocations


You had 9 spell levels left.
You didn't know any spells.
Your spell library was empty.

Inventory:

Hand Weapons
 i - a +0 morningstar
 Y - a +3 war axe (weapon)
Missiles
 p - 6 javelins (quivered)
 q - 15 boomerangs
Armour
 a - the +4 ring mail of Optimism (worn) {Slay+6}
   (You found it on level 3 of the Dungeon)

   Slay:      It affects your accuracy & damage with ranged weapons and melee
   (+6).
 j - a +2 pair of gloves (worn)
 r - a +0 pair of boots (worn)
 s - a +0 helmet (worn)
 t - a +0 kite shield (worn)
 u - a +0 cloak (worn)
Jewellery
 k - a ring of fire
 m - a ring of fire
Scrolls
 c - a scroll of teleportation
 h - 8 scrolls of identify
 n - a scroll of torment {unknown}
Potions
 b - 4 potions of resistance
 d - 3 potions of might
 e - a potion of mutation
 f - a potion of lignification
 g - 4 potions of heal wounds
 l - a potion of cancellation
 v - 2 potions of attraction
 w - 2 potions of curing

Dungeon Overview and Level Annotations

Branches:
Dungeon (8/15)             Temple (1/1) D:6
   Lair: D:8-11

Altars:
Ashenzari
Cheibriados
Elyvilon
Fedhas
Gozag
Hepliaklqana
Kikubaaqudgha
Makhleb
Nemelex Xobeh
Okawaru
Qazlal
Ru
Sif Muna
Trog
Uskayaw
Vehumet
Wu Jian
Yredelemnul
Zin
The Shining One

Shops:
D:6 !

Annotations:
D:8 Erica


Message History

The gnoll bouda is heavily wounded.
The gnoll bouda prays to its god.
The gnoll bouda is healed somewhat.
You barely miss the gnoll bouda.
The gnoll bouda is moderately wounded.
The gnoll bouda barely misses you.
You slice the gnoll bouda!!
You kill the gnoll bouda!
Okawaru accepts your kill.
You start resting.
Magic restored.
You start resting.
You feel like a meek peon again.
HP restored.
Items here: % )) [.
Found a flail.
Found a quarterstaff.
Found a robe.
Erica the Fiery-Tempered comes into view.
She is wielding a +1 scimitar of flaming and wearing a +2 robe of the Archmagi.
Erica shouts!
7793 ||| INVOKING Heroism.
You gain the combat prowess of a mighty hero.
Erica mumbles some strange words.
Erica flickers and vanishes!
Deactivating autopickup; reactivate with Ctrl-A.
You swing at nothing.
You swing at nothing.
You slice something!! Something hits you! Something burns you.
You barely miss something. Something hits you! Something burns you.
You miss something. Something hits you but does no damage.
You slice something!! Something hits you! Something burns you.
You miss something.
You hear some strange, mumbled words.
A lance of force appears from out of thin air!
The lance of force hits you!!
You die...

#^ #......... #.
#.......... #..
#.......... #.. +.........
#...#.[.......
#...#.#....###+#
#.....#.........
#..@..........
#.{#.........# #####
#..#.#.....#.# #...#
#..#.#..)..... #...#
##.#.#........ #...#
..#...)......
#...############.......###
#.................######
#....###........#.#


There were no monsters in sight!

Vanquished Creatures
  Pikel (D:3)
  Sigmund (D:5)
  A steam dragon (D:7)
  Eustachio (D:5)
  A water moccasin (D:6)
  A sky beast (D:7)
  2 orc warriors
  An ogre (D:6)
  3 centaurs
  2 phantoms
  A kobold brigand (D:5)
  A bullfrog (D:7)
  2 scorpions
  13 wights
  11 killer bees
  2 electric eels (D:6)
  3 hounds
  An iron imp (D:4)
  5 orc priests
  A jelly (D:7)
  2 gnoll boudas
  3 iguanas
  7 orc wizards
  9 gnolls
  8 adders
  A white imp (D:5)
  2 worms
  5 dart slugs
  22 orcs
  4 bats
  5 endoplasms
  2 giant cockroaches (D:1)
  8 hobgoblins
  16 kobolds
  4 quokkas
  4 ball pythons
  2 frilled lizards
  5 goblins
  5 rats
168 creatures vanquished.

Vanquished Creatures (others)
  A wight (D:6)
1 creature vanquished.

Grand Total: 169 creatures vanquished

Notes
Turn   | Place    | Note
-------+----------+-------------------------------------------
     0 | D:1      | qw the Gargoyle Fighter began the quest for the Orb.
     0 | D:1      | Reached XP level 1. HP: 14/14 MP: 1/1
     0 | D:1      | 0 ||| qw: Version: 0.2-a-12-gaebbb33
     0 | D:1      | 0 ||| qw: Game counter: 993
     0 | D:1      | 0 ||| qw: Always use a shield: true
     0 | D:1      | 0 ||| qw: God list: Okawaru
     0 | D:1      | 0 ||| qw: Allow faded altars: false
     0 | D:1      | 0 ||| qw: Do Orc after D:15 true
     0 | D:1      | 0 ||| qw: Do second Lair branch before Depths: true
     0 | D:1      | 0 ||| qw: Lair rune preference: random
     0 | D:1      | 0 ||| qw: Plans: Normal, Zot:1-4, God:TSO, Crypt, Tomb,
                  | Pan, Slime:5, Hells, Abyss, Orb
     0 | D:1      | 0 ||| PLANNING D:1-11
    86 | D:1      | Reached skill level 2 in Axes
   202 | D:1      | 202 ||| Stepping ~*~*~tactically~*~*~ (hiding).
   206 | D:1      | Reached XP level 2. HP: 19/19 MP: 2/2
   581 | D:1      | Reached skill level 3 in Axes
   581 | D:1      | Reached XP level 3. HP: 17/23 MP: 3/3
   763 | D:1      | Found a faded altar of an unknown god.
   808 | D:1      | 808 ||| Stepping ~*~*~tactically~*~*~ (stealth).
   860 | D:1      | 860 ||| Stepping ~*~*~tactically~*~*~ (hiding).
   887 | D:1      | 887 ||| UPGRADING to +0 chain mail.
   897 | D:1      | 897 ||| DROPPING +0 scale mail.
   898 | D:1      | 898 ||| READING scroll labelled POET LOABOLISK.
   999 | D:1      | 999 ||| READING scroll labelled MUTEXK XIQEN.
  1051 | D:2      | 1051 ||| DROPPING +0 club.
  1068 | D:2      | 1068 ||| Stepping ~*~*~tactically~*~*~ (hiding).
  1101 | D:2      | Found a glowing golden altar of the Shining One.
  1260 | D:2      | Reached XP level 4. HP: 26/28 MP: 4/4
  1362 | D:2      | Reached skill level 4 in Axes
  1386 | D:2      | 1386 ||| Stepping ~*~*~tactically~*~*~ (stealth).
  1421 | D:2      | 1421 ||| Stepping ~*~*~tactically~*~*~ (stealth).
  1691 | D:2      | 1691 ||| DROPPING +0 mace.
  1772 | D:2      | 1772 ||| UPGRADING to +0 pair of gloves.
  1777 | D:2      | 1777 ||| READING scroll labelled ZERUOP ZEGHI.
  1778 | D:2      | 1778 ||| READING scroll labelled JIPRYEKLALATZ.
  1779 | D:2      | 1779 ||| READING 2 scrolls labelled KARHUR JUQAKHAYPPU.
  1809 | D:3      | Identified the +4 ring mail of Optimism {Slay+6}
  1829 | D:3      | 1829 ||| Stepping ~*~*~tactically~*~*~ (hiding).
  2232 | D:3      | Reached XP level 5. HP: 27/32 MP: 5/5
  2299 | D:3      | Found a blossoming altar of Fedhas.
  2330 | D:3      | 2330 ||| Stepping ~*~*~tactically~*~*~ (hiding).
  2503 | D:3      | Found a glowing golden altar of the Shining One.
  2503 | D:3      | Found a stormy altar of Qazlal.
  2519 | D:3      | 2519 ||| UPGRADING to +4 ring mail of Optimism {Slay+6}.
  2529 | D:3      | 2529 ||| DROPPING +0 chain mail.
  2530 | D:3      | 2530 ||| READING scroll labelled UXIRUXT BATHE.
  2531 | D:3      | 2531 ||| READING scroll labelled QEUCZU KANOIJA.
  2535 | D:3      | 2535 ||| READING scroll labelled DAL OWNEFOXT.
  2536 | D:3      | 2536 ||| READING scroll labelled WAIWKU OGEOXAU.
  2537 | D:3      | 2537 ||| READING 3 scrolls of identify.
  2537 | D:3      | 2537 ||| IDENTIFYING bubbling coppery potion
  2538 | D:3      | 2538 ||| READING 2 scrolls of identify.
  2538 | D:3      | 2538 ||| IDENTIFYING fuming ruby potion
  2554 | D:4      | Noticed Pikel
  2554 | D:4      | Noticed a lemure
  2554 | D:4      | Noticed a lemure
  2554 | D:4      | Noticed a lemure
  2554 | D:4      | Noticed a lemure
  2556 | D:4      | 2556 ||| STAIRDANCE
  2564 | D:3      | Killed Pikel
  2565 | D:3      | Reached skill level 7 in Axes
  2565 | D:3      | Reached XP level 6. HP: 16/37 MP: 6/6
  2565 | D:3      | Reached XP level 7. HP: 17/41 MP: 7/7
  2950 | D:4      | 2950 ||| Stepping ~*~*~tactically~*~*~ (hiding).
  3113 | D:4      | 3113 ||| Stepping ~*~*~tactically~*~*~ (hiding).
  3121 | D:4      | Reached skill level 1 in Dodging
  3229 | D:4      | 3229 ||| Stepping ~*~*~tactically~*~*~ (stealth).
  3231 | D:4      | 3231 ||| Stepping ~*~*~tactically~*~*~ (stealth).
  3236 | D:4      | 3236 ||| Stepping ~*~*~tactically~*~*~ (stealth).
  3260 | D:4      | 3260 ||| Stepping ~*~*~tactically~*~*~ (stealth).
  3265 | D:4      | 3265 ||| Stepping ~*~*~tactically~*~*~ (hiding).
  3380 | D:4      | 3380 ||| Stepping ~*~*~tactically~*~*~ (stealth).
  3391 | D:4      | 3391 ||| READING scroll of enchant weapon.
  3391 | D:4      | 3391 ||| ENCHANTING +1 war axe.
  3546 | D:4      | Identified the +2 mace of Bodily Harmony {antimagic, Dex+3}
  3548 | D:4      | 3548 ||| DROPPING +2 mace of Bodily Harmony {antimagic,
                  | Dex+3}.
  3555 | D:4      | Found a snail-covered altar of Cheibriados.
  3657 | D:4      | 3657 ||| READING scroll labelled AZUTHR GEMAEQAN.
  3658 | D:4      | 3658 ||| READING scroll labelled OSSUUDD LAPRINA.
  3659 | D:4      | 3659 ||| READING scroll labelled DUYFACS QIPHOR.
  3660 | D:4      | 3660 ||| READING 2 scrolls of identify.
  3660 | D:4      | 3660 ||| IDENTIFYING emerald potion
  3661 | D:4      | 3661 ||| DROPPING potion of degeneration.
  3698 | D:5      | Entered Level 5 of the Dungeon
  3738 | D:5      | Noticed Eustachio
  3741 | D:5      | 3741 ||| Stepping ~*~*~tactically~*~*~ (hiding).
  3742 | D:5      | 3742 ||| Stepping ~*~*~tactically~*~*~ (hiding).
  3755 | D:5      | Killed Eustachio
  3756 | D:5      | Reached XP level 8. HP: 49/51 MP: 8/8
  3768 | D:5      | Noticed Sigmund
  3769 | D:5      | 3769 ||| Stepping ~*~*~tactically~*~*~ (hiding).
  3783 | D:5      | Killed Sigmund
  3806 | D:5      | 3806 ||| DROPPING +0 flail.
  3910 | D:5      | 3910 ||| Stepping ~*~*~tactically~*~*~ (hiding).
  4065 | D:5      | Reached skill level 8 in Axes
  4106 | D:5      | 4106 ||| Stepping ~*~*~tactically~*~*~ (stealth).
  4109 | D:5      | 4109 ||| Stepping ~*~*~tactically~*~*~ (stealth).
  4205 | D:5      | 4205 ||| Stepping ~*~*~tactically~*~*~ (stealth).
  4244 | D:5      | Found a shimmering blue altar of Sif Muna.
  4335 | D:5      | 4335 ||| READING scroll labelled FOLEKE SYSTRUEMN.
  4336 | D:5      | 4336 ||| DRINKING 2 pink potions.
  4337 | D:5      | 4337 ||| READING 5 scrolls of identify.
  4337 | D:5      | 4337 ||| IDENTIFYING glowing purple potion
  4338 | D:5      | 4338 ||| READING 4 scrolls of identify.
  4338 | D:5      | 4338 ||| IDENTIFYING bubbling golden potion
  4339 | D:5      | 4339 ||| DROPPING potion of invisibility.
  4367 | D:6      | Found a staircase to the Ecumenical Temple.
  4369 | D:6      | 4369 ||| Stepping ~*~*~tactically~*~*~ (stealth).
  4372 | D:6      | 4372 ||| STAIRDANCE
  4377 | D:5      | Reached skill level 6 in Fighting
  4452 | D:6      | 4452 ||| STAIRDANCE
  4479 | D:6      | 4479 ||| PLANNING TEMPLE
  4479 | D:6      | 4479 ||| READING scroll of enchant armour.
  4479 | D:6      | 4479 ||| ENCHANTING +0 pair of gloves.
  4485 | D:6      | 4485 ||| FLEEEEING.
  4486 | D:6      | 4486 ||| FLEEEEING.
  4487 | D:6      | 4487 ||| FLEEEEING.
  4488 | D:6      | 4488 ||| FLEEEEING.
  4490 | D:6      | 4490 ||| STAIRDANCE
  4494 | D:6      | 4494 ||| STAIRDANCE
  4504 | D:6      | 4504 ||| STAIRDANCE
  4534 | Temple   | Entered the Ecumenical Temple
  4565 | Temple   | 4565 ||| PLANNING OKAWARU WORSHIP
  4706 | Temple   | Became a worshipper of Warmaster Okawaru
  4707 | Temple   | 4707 ||| PLANNING D:1-11
  4752 | D:6      | Reached XP level 9. HP: 55/55 MP: 9/9
  4803 | D:6      | Reached skill level 9 in Axes
  4821 | D:6      | 4821 ||| Stepping ~*~*~tactically~*~*~ (hiding).
  4921 | D:6      | 4921 ||| Stepping ~*~*~tactically~*~*~ (stealth).
  4923 | D:6      | 4923 ||| Stepping ~*~*~tactically~*~*~ (hiding).
  5015 | D:6      | Found a hazy altar of Hepliaklqana.
  5038 | D:6      | Found an opulent altar of Gozag.
  5046 | D:6      | 5046 ||| Stepping ~*~*~tactically~*~*~ (hiding).
  5062 | D:6      | 5062 ||| Stepping ~*~*~tactically~*~*~ (stealth).
  5064 | D:6      | 5064 ||| Stepping ~*~*~tactically~*~*~ (hiding).
  5074 | D:6      | 5074 ||| FLEEEEING.
  5075 | D:6      | 5075 ||| FLEEEEING.
  5076 | D:6      | 5076 ||| FLEEEEING.
  5109 | D:6      | Found Wawk's Distillery.
  5114 | D:6      | 5114 ||| FLEEEEING.
  5115 | D:6      | 5115 ||| FLEEEEING.
  5116 | D:6      | 5116 ||| FLEEEEING.
  5117 | D:6      | 5117 ||| FLEEEEING.
  5119 | D:6      | 5119 ||| FLEEEEING.
  5200 | D:6      | Reached * piety under Okawaru
  5201 | D:6      | 5201 ||| FLEEEEING.
  5202 | D:6      | 5202 ||| FLEEEEING.
  5203 | D:6      | 5203 ||| FLEEEEING.
  5204 | D:6      | 5204 ||| FLEEEEING.
  5205 | D:6      | 5205 ||| FLEEEEING.
  5206 | D:6      | 5206 ||| FLEEEEING.
  5207 | D:6      | 5207 ||| FLEEEEING.
  5208 | D:6      | 5208 ||| FLEEEEING.
  5209 | D:6      | 5209 ||| FLEEEEING.
  5210 | D:6      | 5210 ||| FLEEEEING.
  5211 | D:6      | 5211 ||| FLEEEEING.
  5212 | D:6      | 5212 ||| FLEEEEING.
  5345 | D:6      | 5345 ||| INVOKING Heroism.
  5405 | D:6      | 5405 ||| INVOKING Heroism.
  5413 | D:6      | Reached skill level 1 in Invocations
  5722 | D:6      | 5722 ||| INVOKING Heroism.
  5833 | D:6      | 5833 ||| INVOKING Heroism.
  5834 | D:6      | 5834 ||| READING scroll of enchant armour.
  5834 | D:6      | 5834 ||| ENCHANTING +1 pair of gloves.
  5857 | D:6      | 5857 ||| INVOKING Heroism.
  5858 | D:6      | 5858 ||| INVOKING Heroism.
  5976 | D:6      | 5976 ||| INVOKING Heroism.
  5990 | D:6      | 5990 ||| FLEEEEING.
  5991 | D:6      | 5991 ||| FLEEEEING.
  5992 | D:6      | 5992 ||| FLEEEEING.
  5993 | D:6      | 5993 ||| FLEEEEING.
  5994 | D:6      | 5994 ||| FLEEEEING.
  6124 | D:6      | 6124 ||| FLEEEEING.
  6125 | D:6      | 6125 ||| FLEEEEING.
  6126 | D:6      | 6126 ||| FLEEEEING.
  6127 | D:6      | 6127 ||| FLEEEEING.
  6128 | D:6      | 6128 ||| FLEEEEING.
  6129 | D:6      | 6129 ||| FLEEEEING.
  6130 | D:6      | 6130 ||| FLEEEEING.
  6131 | D:6      | 6131 ||| FLEEEEING.
  6132 | D:6      | 6132 ||| FLEEEEING.
  6250 | D:6      | Identified the +9 dagger of Psychosis {vorpal, rPois rC-
                  | Dex+3}
  6277 | D:6      | 6277 ||| BUYING 2 potions of resistance (220 gold).
  6277 | D:6      | Bought 2 potions of resistance for 220 gold pieces
  6277 | D:6      | 6277 ||| BUYING potion of attraction (33 gold).
  6277 | D:6      | Bought a potion of attraction for 33 gold pieces
  6277 | D:6      | 6277 ||| BUYING potion of attraction (33 gold).
  6277 | D:6      | Bought a potion of attraction for 33 gold pieces
  6277 | D:6      | 6277 ||| BUYING potion of curing (33 gold).
  6277 | D:6      | Bought a potion of curing for 33 gold pieces
  6277 | D:6      | 6277 ||| SHOPLISTING potion of heal wounds (55 gold, have
                  | 31).
  6277 | D:6      | 6277 ||| SHOPLISTING potion of mutation (88 gold, have 31).
  6277 | D:6      | 6277 ||| DROPPING +2 pair of gloves.
  6278 | D:6      | 6278 ||| UPGRADING to +0 pair of boots.
  6283 | D:6      | 6283 ||| UPGRADING to +0 helmet.
  6288 | D:6      | 6288 ||| UPGRADING to +0 kite shield.
  6298 | D:6      | 6298 ||| DROPPING +0 buckler.
  6299 | D:6      | 6299 ||| UPGRADING to +0 cloak.
  6304 | D:6      | 6304 ||| READING scroll labelled UQOOR FEMPEE.
  6404 | D:7      | 6404 ||| INVOKING Heroism.
  6439 | D:7      | 6439 ||| INVOKING Heroism.
  6468 | D:7      | 6468 ||| READING scroll of enchant weapon.
  6468 | D:7      | 6468 ||| ENCHANTING +2 war axe.
  6590 | D:7      | 6590 ||| Stepping ~*~*~tactically~*~*~ (hiding).
  6591 | D:7      | 6591 ||| Stepping ~*~*~tactically~*~*~ (hiding).
  6593 | D:7      | 6593 ||| INVOKING Heroism.
  6605 | D:7      | 6605 ||| Stepping ~*~*~tactically~*~*~ (stealth).
  6644 | D:7      | 6644 ||| Stepping ~*~*~tactically~*~*~ (stealth).
  6645 | D:7      | 6645 ||| Stepping ~*~*~tactically~*~*~ (stealth).
  6646 | D:7      | 6646 ||| Stepping ~*~*~tactically~*~*~ (stealth).
  6676 | D:7      | Found a broken altar of Ashenzari.
  6705 | D:7      | 6705 ||| FLEEEEING.
  6706 | D:7      | 6706 ||| FLEEEEING.
  6707 | D:7      | 6707 ||| FLEEEEING.
  6708 | D:7      | 6708 ||| FLEEEEING.
  6709 | D:7      | 6709 ||| STAIRDANCE
  6813 | D:7      | 6813 ||| STAIRDANCE
  6824 | D:7      | 6824 ||| INVOKING Heroism.
  6830 | D:7      | Reached skill level 3 in Invocations
  6838 | D:7      | Reached skill level 6 in Shields
  6970 | D:7      | 6970 ||| INVOKING Heroism.
  6976 | D:7      | Reached XP level 10. HP: 60/63 MP: 9/12
  6984 | D:7      | 6984 ||| Stepping ~*~*~tactically~*~*~ (stealth).
  6987 | D:7      | 6987 ||| Stepping ~*~*~tactically~*~*~ (stealth).
  7021 | D:7      | 7021 ||| Stepping ~*~*~tactically~*~*~ (stealth).
  7436 | D:8      | 7436 ||| INVOKING Heroism.
  7455 | D:8      | 7455 ||| Stepping ~*~*~tactically~*~*~ (stealth).
  7457 | D:8      | 7457 ||| Stepping ~*~*~tactically~*~*~ (stealth).
  7459 | D:8      | 7459 ||| Stepping ~*~*~tactically~*~*~ (stealth).
  7464 | D:8      | 7464 ||| INVOKING Heroism.
  7477 | D:8      | 7477 ||| Stepping ~*~*~tactically~*~*~ (stealth).
  7479 | D:8      | 7479 ||| Stepping ~*~*~tactically~*~*~ (stealth).
  7551 | D:8      | Reached ** piety under Okawaru
  7674 | D:8      | Found an ancient bone altar of Kikubaaqudgha.
  7712 | D:8      | 7712 ||| INVOKING Heroism.
  7792 | D:8      | Noticed Erica
  7793 | D:8      | 7793 ||| INVOKING Heroism.
  7799 | D:8      | HP: 15/63 [something (3)]
  7800 | D:8      | Killed from afar by Erica

Levels and vault maps discovered:
D:1:      evilmike_arrival_hilbert_curve, layout_basic,
          ebering_ecumenical_altar_webs
D:2:      layout_basic, basic_altar
D:3:      layout_basic, mainiacjoe_overflow_brackets,
          nicolae_overflow_two_pavilions
D:4:      layout_loops_ring, slow_altar_1, uniq_pikel
D:5:      nicolae_cairo_tiling_large, layout_rooms, led_sif_pool, uniq_sigmund,
          uniq_eustachio
D:6:      layout_loops_ring, grunt_gozag_statues, lemuel_doored_altar,
          minmay_temple_entry_stoned_glass, minmay_misc_feat_secret_circle,
          nicolae_inconvenience_store
D:7:      layout_basic, ashenzari_altar_1, skrybe_limestone_x
D:8:      layout_basic, nicolae_kikubaaqudgha_miasma_corner, uniq_erica
Temple:   chequers_temple_sunken

Skill      XL: |  1  2  3  4  5  6  7  8  9 10 |
---------------+-------------------------------+-----
Axes           | 2 3 4 7 8 9 |  9.4
Dodging        | 1 |  1.2
Fighting       | 5 6 7 |  7.2
Throwing       | 2 |  2.4
Shields        | 6 8 |  8.1
Invocations    | 3 4 |  4.0
Armour         | |  3.5

Action                   |  1- 3 |  4- 6 |  7- 9 | 10-12 || total
-------------------------+-------+-------+-------+-------++-------
Melee: War axe           |   104 |   100 |   202 |    48 ||   454
Throw: Boomerang         |       |     4 |    13 |       ||    17
       Javelin           |       |       |    14 |     6 ||    20
Invok: Heroism           |       |       |    11 |     4 ||    15
  Use: Scroll            |     2 |     9 |    12 |       ||    23
       Potion            |       |       |     1 |       ||     1
Armor: Scale mail        |    19 |       |       |       ||    19
       Chain mail        |    40 |    64 |       |       ||   104
       Ring mail         |       |    11 |    98 |    29 ||   138
Dodge: Dodged            |    35 |    43 |    74 |    25 ||   177
Block: Buckler           |    18 |    23 |    19 |       ||    60
       Kite shield       |       |       |    25 |    25 ||    50

Table legend:
 A = Non-vault XP
 B = Vault XP
 C = Vault XP percentage of total XP
 D = Non-vault monster count
 E = Vault monster count
 F = Vault count percentage of total count
                 A         B        C        D         E       F
            +---------+---------+-------+---------+---------+-------
      Total |    4679 |    1085 |  18.8 |     164 |       4 |   2.4
            +---------+---------+-------+---------+---------+-------
        D:1 |      49 |       0 |   0.0 |      22 |       0 |   0.0
        D:2 |      60 |       0 |   0.0 |      20 |       0 |   0.0
        D:3 |     100 |     629 |  86.3 |      16 |       1 |   5.9
        D:4 |     220 |      43 |  16.3 |      21 |       1 |   4.5
        D:5 |     591 |     413 |  41.1 |      19 |       2 |   9.5
        D:6 |    1530 |       0 |   0.0 |      27 |       0 |   0.0
        D:7 |    1230 |       0 |   0.0 |      21 |       0 |   0.0
        D:8 |     899 |       0 |   0.0 |      18 |       0 |   0.0
            +---------+---------+-------+---------+---------+-------
